 Dungeon Crawl Stone Soup version 0.20-a0-705-gbe8799e (webtiles) character file.

875 M4edhros the Covert (level 8, -9/48 HPs)
             Began as an Octopode Artificer on Feb 21, 2017.
             Hit by a tomahawk thrown by an orc warrior (22 damage)
             ... on level 6 of the Dungeon.
             The game lasted 00:05:51 (3477 turns).

M4edhros the Covert (Octopode Artificer)            Turns: 3477, Time: 00:05:53

Health: -9/48      AC:  1    Str: 16    XL:     8   Next: 4%
Magic:  10/10      EV: 13    Int: 18    God:
Gold:   200        SH:  0    Dex: 14    Spells: 7/7 levels left

rFire    . . .     SeeInvis .   g - +4 scythe (vamp)
rCold    . . .     Gourm    .   (shield currently unavailable)
rNeg     . . .     Faith    .   (helmet restricted)
rPois    .         Spirit   .   z - amulet of harm
rElec    .         Reflect  .   m - +2 ring of intelligence
rCorr    .         Harm     +   (no ring)
MR       .....                  y - +5 ring of strength
Stlth    +++++.....             (no ring)
Regen    0.2/turn               (no ring)
MPRegen  0.2/turn               (no ring)
                                (no ring)
                                (no ring)

@: no status effects
A: almost no armour, stealthy swim, amphibious, 8 rings, constrict 8, tentacle
spike 1, camouflage 1, clever 1, mutation resistance 1, gelatinous body 1
a: no special abilities


You were on level 6 of the Dungeon.
You were not hungry.

You visited 1 branch of the dungeon, and saw 6 of its levels.

You collected 200 gold pieces.

Inventory:

Hand Weapons
 a - a +0 short sword
 g - a +4 vampiric scythe (weapon)
 q - a +0 hunting sling
Missiles
 j - 105 stones (quivered)
Jewellery
 m - a +2 ring of intelligence (left tentacle)
 y - a +5 ring of strength (on tentacle)
 z - an amulet of harm (around mantle)
Wands
 b - a wand of flame (9/48)
 c - a wand of enslavement (14/24)
 d - a wand of random effects (7/48)
 u - a wand of acid (5/15)
Scrolls
 e - 5 scrolls of identify
 f - a scroll of random uselessness {unknown}
 k - 3 scrolls of remove curse
 l - a scroll of recharging {unknown}
 n - 2 scrolls of enchant armour {unknown}
 o - 3 scrolls of enchant weapon {unknown}
 s - 3 scrolls of fog {unknown}
 t - a scroll of magic mapping {unknown}
 v - a scroll of blinking {unknown}
Potions
 i - 2 potions of curing
 r - a potion of lignification
 w - 2 potions of flight
 A - a potion of berserk rage {unknown}
 D - a potion of heal wounds {unknown}
Books
 x - a book of Changes

   Spells                             Type                      Level
   a - Beastly Appendage              Transmutation                1
   b - Sticks to Snakes               Transmutation                2
   c - Spider Form                    Transmutation/Poison         3
   d - Ice Form                       Ice/Transmutation            4
   e - Blade Hands                    Transmutation                5
 C - a book of Air

   Spells                             Type                      Level
   a - Shock                          Conjuration/Air              1
   b - Swiftness                      Charms/Air                   2
   c - Static Discharge               Conjuration/Air              3
   d - Airstrike                      Air                          4
   e - Lightning Bolt                 Conjuration/Air              5
Comestibles
 h - 10 fruits
 p - 4 bread rations
 B - a chunk of flesh


   Skills:
 - Level 1.0 Fighting
 - Level 1.0 Short Blades
 * Level 5.3 Polearms
 - Level 2.0 Dodging
 + Level 9.8 Stealth
 - Level 3.2 Evocations


You had 7 spell levels left.
You didn't know any spells.

Dungeon Overview and Level Annotations

Branches:
Dungeon (6/15)
 Temple: D:4-7

Altars:
Ashenzari Ieoh Jian

Shops:
D:4 :

Annotations:
D:3 Grinder


Innate Abilities, Weirdness & Mutations

You cannot wear most types of armour.
You are very stealthy in the water. (Stealth+)
You are amphibious.
You can wear up to eight rings at the same time.
You can use your tentacles to constrict eight enemies at once.
Your skin changes colour to match your surroundings (Stealth+).
Your rubbery body absorbs attacks. (AC +1, EV +1)
One of your tentacles bears a spike.
Your mind is acute. (Int +2)
You are somewhat resistant to further mutation.


Message History

This wand has 7 charges left.
The orc warrior throws a tomahawk.
The tomahawk closely misses you.
Evoke which item? (* to show all) (? for menu, Esc to quit)
Aiming: Throw Flame
Press: ? - help, Shift-Dir - straight line, f/p - orc warrior
Aim: an orc warrior, wielding a halberd and wearing a chain mail (severely wounded)
The puff of flame hits the orc warrior.
The orc warrior appears unharmed.
The orc warrior is severely wounded.
This wand has 10 charges left.
The orc warrior throws a tomahawk.
The tomahawk hits you!!
* * * LOW HITPOINT WARNING * * *
Evoke which item? (* to show all) (? for menu, Esc to quit)
Aiming: Throw Flame
Press: ? - help, Shift-Dir - straight line, f/p - orc warrior
Aim: an orc warrior, wielding a halberd and wearing a chain mail (severely wounded)
The puff of flame hits the orc warrior.
The orc warrior is almost dead.
This wand has 9 charges left.
The orc warrior throws a tomahawk.
The tomahawk hits you!!
You die...

.......#...................######
.......#............#'####..#....
.......#...........[#............
.......#............#............
.......#............#............
.......'............#............
#####'##............#............
..............>.....'............
................@...#####..###...
.............###'#......#..###...
........###'##...#......#.[..#...
........+........#......#....'>..
........#........#......#....#...
#########........#......#....#...
..........#.....o#....#...
##...###..#.....(###'#####
#...###'#######..........


You could see an orc warrior.

Vanquished Creatures
  An ice beast (D:5)
  A sky beast (D:5)
  A black bear (D:6)
  A bullfrog (D:6)
  A scorpion (D:4)
  A bullfrog skeleton (D:5)
  9 worker ants
  A hound zombie (D:5)
  4 adders
  A shadow imp (D:5)
  An adder zombie (D:6)
  4 worms
  4 dart slugs
  2 leopard geckos (D:5)
  4 giant cockroaches
  6 goblins
  4 hobgoblins
  6 jackals
  3 quokkas
  A ball python (D:5)
  2 bats
  4 frilled lizards
  A jackal skeleton (D:5)
  6 kobolds
  A leopard gecko skeleton (D:5)
70 creatures vanquished.

Vanquished Creatures (collateral kills)
  Sigmund (D:3)
1 creature vanquished.

Grand Total: 71 creatures vanquished

Notes
Turn   | Place    | Note
-------+----------+-------------------------------------------
     0 | D:1      | M4edhros the Octopode Artificer began the quest for the Orb.
     0 | D:1      | Reached XP level 1. HP: 13/13 MP: 3/3
    55 | D:1      | Reached skill level 2 in Stealth
   158 | D:1      | Reached skill level 3 in Stealth
   158 | D:1      | Reached XP level 2. HP: 18/18 MP: 4/4
   495 | D:3      | Noticed Grinder
   551 | D:3      | Reached skill level 4 in Stealth
   559 | D:3      | Reached XP level 3. HP: 19/23 MP: 5/5
   575 | D:3      | Noticed Sigmund
   716 | D:3      | Found a shattered altar of Ashenzari.
   716 | D:3      | Found an ornate altar of the Ieoh Jian Council.
   746 | D:3      | Gained mutation: You are clumsy. (Dex -2) [potion of mutation]
   746 | D:3      | Gained mutation: One of your tentacles bears a spike. [potion of mutation]
   778 | D:3      | Killed Sigmund
   778 | D:3      | Reached skill level 7 in Stealth
   778 | D:3      | Reached XP level 4. HP: 3/28 MP: 6/6
   778 | D:3      | Reached XP level 5. HP: 3/33 MP: 7/7
   965 | D:4      | Reached skill level 8 in Stealth
  1316 | D:4      | Found Nuleob's Book Boutique.
  1387 | D:4      | Reached skill level 1 in Polearms
  1387 | D:4      | Reached XP level 6. HP: 34/38 MP: 8/8
  1802 | D:4      | Noticed a hippogriff
  1978 | D:3      | Paralysed by Grinder for 6 turns
  2143 | D:5      | Entered Level 5 of the Dungeon
  2172 | D:5      | Lost mutation: You are clumsy. (Dex -2) [potion of mutation]
  2172 | D:5      | Lost mutation: One of your tentacles bears a spike. [potion of mutation]
  2172 | D:5      | Gained mutation: Your mind is acute. (Int +2) [potion of mutation]
  2172 | D:5      | Gained mutation: You are somewhat resistant to further mutation. [potion of mutation]
  2572 | D:5      | Noticed a sky beast
  2586 | D:5      | Killed a sky beast
  2586 | D:5      | Reached skill level 9 in Stealth
  2586 | D:5      | Reached XP level 7. HP: 9/43 MP: 9/9
  2641 | D:5      | Gained mutation: One of your tentacles bears a spike. [mutagenic meat]
  3378 | D:6      | Reached skill level 5 in Polearms
  3378 | D:6      | Reached XP level 8. HP: 48/48 MP: 10/10
  3477 | D:6      | Hit by a tomahawk thrown by an orc warrior

Vault maps used:
D:1:      onia_arrival_pyramid
D:2:      grunt_temple_overflow_gold_and_silver, nicolae_overflow_crystal_walls,
          gammafunk_temple_overflow_pools
D:3:      gammafunk_temple_overflow_wave, first_bread, trog_book, uniq_grinder,
          uniq_sigmund
D:4:      serial_shops, shop
D:6:      minmay_temple_entry_fiery

Skill      XL: |  1  2  3  4  5  6  7 |
---------------+----------------------+-----
Stealth        | 3 4 7 8 9 |  9.8
Polearms       | 1 3 5 |  5.3
Fighting       | |  1.0
Short Blades   | |  1.0
Dodging        | |  2.0
Evocations     | |  3.2

Action                   |  1- 3 |  4- 6 |  7- 9 || total
-------------------------+-------+-------+-------++-------
Melee: Short sword       |    57 |     8 |       ||    65
       Constrict         |    18 |    14 |     5 ||    37
       Tentacles         |    13 |     7 |     1 ||    21
       Kick              |     7 |     8 |     4 ||    19
       Scythe            |       |    50 |    24 ||    74
Evoke: Wand              |    10 |     3 |     4 ||    17
  Use: Scroll            |     2 |     1 |     1 ||     4
       Potion            |     2 |     1 |     4 ||     7
 Stab: Sleeping          |     4 |    11 |     5 ||    20
       Distracted        |       |       |     1 ||     1
  Eat: Chunk             |       |     5 |     8 ||    13
       Bread ration      |       |     1 |       ||     1
Armor: Skin              |     7 |     6 |     1 ||    14
Dodge: Dodged            |    39 |    30 |    26 ||    95
